 Dungeon Crawl Stone Soup version 0.19.1 (webtiles) character file.

359 CountDeLaPain the Conjurer (level 6, 0/47 HPs)
             Began as a Draconian Conjurer on Dec 1, 2016.
             Was an Initiate of Vehumet.
             Slain by a centaur (8 damage)
             ... on level 5 of the Dungeon.
             The game lasted 00:13:43 (5908 turns).

CountDeLaPain the Conjurer (Draconian Conjurer)     Turns: 5908, Time: 00:13:43

Health: 0/47       AC:  9    Str: 10    XL:     6   Next: 37%
Magic:  7/11       EV: 12    Int: 18    God:    Vehumet [......]
Gold:   136        SH:  0    Dex: 11    Spells: 2 memorised, 8 levels left

rFire  . . .     SeeInvis .     c - +0 club
rCold  . . .     Gourm    .     (armour unavailable)
rNeg   . . .     Faith    .     (no shield)
rPois  .         Spirit   .     (helmet restricted)
rElec  .         Reflect  .     h - +2 cloak
rCorr  .         Harm     .     (no gloves)
MR     .....                    (no boots)
Stlth  +++.......               (no amulet)
                                x - ring of stealth
                                (no ring)

@: no status effects
A: unfitting armour, cold-blooded, AC +6
a: Renounce Religion


You were on level 5 of the Dungeon.
You worshipped Vehumet.
Vehumet was noncommittal.
You were not hungry.

You visited 2 branches of the dungeon, and saw 6 of its levels.

You collected 136 gold pieces.

Inventory:

Hand Weapons
 c - a +0 club (weapon)
Armour
 h - a +2 cloak (worn)
Jewellery
 m - an uncursed ring of ice
 x - a ring of stealth (right hand)
Scrolls
 f - a scroll of noise
 i - a scroll of enchant armour {unknown}
 j - 2 scrolls of teleportation
 k - a scroll of random uselessness {unknown}
 p - a scroll of recharging {unknown}
 s - a scroll of immolation {unknown}
 u - a scroll of amnesia {unknown}
 w - a scroll of fear {unknown}
 y - a scroll of blinking {unknown}
Potions
 e - a potion of ambrosia {unknown}
 g - 3 potions of heal wounds
 n - a potion of flight {unknown}
 o - 2 potions of curing {unknown}
 r - 2 potions of agility
 t - 2 potions of degeneration {unknown}
 v - a potion of might {unknown}
Books
 a - a book of Conjurations

   Spells                             Type                      Level
   a - Magic Dart                     Conjuration                  1
   b - Searing Ray                    Conjuration                  2
   c - Dazzling Spray                 Conjuration/Hexes            3
   d - Fulminant Prism                Conjuration/Hexes            4
   e - Iskenderun's Mystic Blast      Conjuration                  4
   f - Iskenderun's Battlesphere      Conjuration/Charms           5
Comestibles
 b - 3 bread rations
 d - a meat ration
 l - a beef jerky


   Skills:
 + Level 1.5 Fighting
 + Level 1.8 Maces & Flails
 + Level 2.5 Dodging
 + Level 2.1 Stealth
 + Level 3.6 Spellcasting
 + Level 5.8 Conjurations


You had 8 spell levels left.
You knew the following spells:

 Your Spells              Type           Power        Failure   Level  Hunger
a - Magic Dart            Conj           ###.         1%          1    None
b - Dazzling Spray        Conj/Hex       ##....       17%         3    ###....


Dungeon Overview and Level Annotations

Branches:
Dungeon (5/15)             Temple (1/1) D:4

Altars:
Ashenzari
Cheibriados
Hepliaklqana
Nemelex Xobeh
Okawaru
Qazlal
Trog
Uskayaw
Vehumet
Xom
Zin

Annotations:
D:4 Pikel; executioneer's ghost, amateur MfGl


Innate Abilities, Weirdness & Mutations

Your plain brown scales are hard. (AC +6)
You cannot fit into any form of body armour.
You are cold-blooded and may be slowed by cold attacks.


Message History

The centaur is moderately wounded.
The centaur closely misses you. The centaur hits you.
Casting: Magic Dart
Confirm with . or Enter, or press ? or * to list all spells.
Aiming: Magic Dart
Press: ? - help, Shift-Dir - straight line, f/p - centaur
Aim: a centaur (moderately wounded)
The magic dart hits the centaur.
The centaur is heavily wounded.
The centaur hits you!
* * * LOW HITPOINT WARNING * * *
Casting: Magic Dart
Confirm with . or Enter, or press ? or * to list all spells.
Aiming: Magic Dart
Press: ? - help, Shift-Dir - straight line, f/p - centaur
Aim: a centaur (heavily wounded)
The magic dart hits the centaur.
The centaur is severely wounded.
The centaur closely misses you. The centaur hits you!
You die...

#######....##
............##
##..#######..##
.#..# #...####
.#..# #.#....#
....# #...##(#
....# #..###.#
....# #.## #(#
....#######.#
#@#
...........>#
#c#
##.#.####.#)#
#%#
##.#.####.#.#
#.#
##.#.#...<#.#
#.#
.........†..#
#.#
...#.#.##÷###
#.# ###.#..##.#
#.# ...###.##.#


You could see a centaur.

Vanquished Creatures
  A bullfrog skeleton (D:4)
  An orc wizard (D:4)
  An iguana (D:4)
  3 worker ants (D:4)
  8 adders
  A shadow imp (D:5)
  An ooze (D:2)
  5 worms
  2 dart slugs
  3 leopard geckos
  8 orcs
  8 giant cockroaches
  7 goblins
  15 hobgoblins
  4 jackals (D:5)
  2 quokkas
  4 bats
  12 frilled lizards
  A giant cockroach zombie (D:5)
  5 kobolds
  7 rats
99 creatures vanquished.

Notes
Turn   | Place    | Note
-------+----------+-------------------------------------------
     0 | D:1      | CountDeLaPain the Draconian Conjurer began the quest for the Orb.
     0 | D:1      | Reached XP level 1. HP: 14/14 MP: 3/3
   248 | D:1      | Reached XP level 2. HP: 20/20 MP: 1/5
  1141 | D:2      | Reached XP level 3. HP: 26/26 MP: 1/6
  1908 | D:2      | Learned a level 3 spell: Dazzling Spray
  2277 | D:2      | Found a snail-covered altar of Cheibriados.
  2400 | D:2      | Reached XP level 4. HP: 34/34 MP: 1/7
  2449 | D:2      | Reached skill level 1 in Maces & Flails
  2504 | D:2      | Reached skill level 5 in Conjurations
  3571 | D:3      | Reached XP level 5. HP: 39/39 MP: 6/9
  3604 | D:3      | Found a glowing silver altar of Zin.
  3604 | D:3      | Found an iron altar of Okawaru.
  3629 | D:3      | Reached skill level 1 in Fighting
  3769 | D:3      | Found a sparkling altar of Nemelex Xobeh.
  4265 | D:4      | Noticed a slave
  4265 | D:4      | Noticed a slave
  4614 | D:4      | Noticed a slave
  4615 | D:4      | Noticed a slave
  4622 | D:4      | Noticed executioneer's ghost (amateur MfGl)
  4642 | D:5      | Entered Level 5 of the Dungeon
  4841 | D:5      | Found a shattered altar of Ashenzari.
  5143 | D:4      | Reached XP level 6. HP: 36/47 MP: 1/11
  5236 | D:4      | Noticed Pikel
  5237 | D:4      | Found a staircase to the Ecumenical Temple.
  5244 | Temple   | Entered the Ecumenical Temple
  5259 | Temple   | Became a worshipper of Vehumet
  5908 | D:5      | Slain by a centaur

Skill      XL: |  1  2  3  4  5 |
---------------+----------------+-----
Dodging        | 2 |  2.5
Maces & Flails | 1 |  1.8
Conjurations   | 5 |  5.8
Fighting       | 1 |  1.5
Stealth        | 2 |  2.1
Spellcasting   | 3 |  3.6

Action                   |  1- 3 |  4- 6 || total
-------------------------+-------+-------++-------
Melee: Club              |    33 |   122 ||   155
       Unarmed           |     1 |       ||     1
       Tailslap          |     4 |    11 ||    15
 Cast: Magic Dart        |    88 |   175 ||   263
  Use: Scroll            |     1 |     5 ||     6
  Eat: Chunk             |     6 |    11 ||    17
Armor: Skin              |    11 |    75 ||    86
Dodge: Dodged            |    24 |   134 ||   158
